 Dungeon Crawl Stone Soup version 0.28.0 (webtiles) character file.

Game seed: 3865531499979670238

564 bande the Covered (level 7, -4/44 HPs)
             Began as a Gargoyle Fighter on Feb 19, 2022.
             Slain by a yaktaur (shapeshifter) (13 damage)
             ... in a sewer.
             The game lasted 00:06:06 (3071 turns).

bande the Covered (Gargoyle Fighter)                Turns: 3071, Time: 00:06:06

Health: -4/44      AC: 13    Str: 19    XL:     7   Next: 32%
Magic:  7/7        EV:  9    Int:  9    God:
Gold:   723        SH:  0    Dex: 11    Spells: 6/6 levels left

rFire   . . .      SeeInvis .   a - +1 war axe (chaos)
rCold   . . .      Faith    .   c - +1 buckler
rNeg    + . .      Spirit   .   b - +0 scale mail
rPois   ∞          Reflect  .   (no helmet)
rElec   +          Harm     .   j - +0 cloak
rCorr   .          Rampage  .   (no gloves)
Will    .....      Rage     1%  (no boots)
Stlth   ..........              (no amulet)
HPRegen 0.14/turn               (no ring)
MPRegen 0.10/turn               (no ring)

@: confused, very slow
A: sickness immunity, AC +4, negative energy resistance 1, electricity
resistance, torment resistance 1, petrification resistance, berserk 1,
MP-powered wands
a: no special abilities


You were in a sewer.
You visited 1 branch of the dungeon, and saw 3 of its levels.
You also visited: Sewer.

You collected 723 gold pieces.

Inventory:

Hand Weapons
 a - a +1 war axe of chaos (weapon)
Armour
 b - a +0 scale mail (worn)
 c - a +1 buckler (worn)
 j - a +0 cloak (worn)
Scrolls
 g - 2 scrolls of blinking {unknown}
 h - a scroll of fear {unknown}
Potions
 d - 2 potions of might
 e - a potion of curing
 i - a potion of haste {unknown}


   Skills:
 + Level 4.7 Fighting
 + Level 4.9 Axes
 + Level 5.0 Armour
 + Level 4.6 Shields


You had 6 spell levels left.
You didn't know any spells.
Your spell library was empty.

Dungeon Overview and Level Annotations

Branches:
Dungeon (3/15)              Sewer (1/1)

Altars:

Shops:
D:3 *


Innate Abilities, Weirdness & Mutations

You are immune to sickness and miasma.
Your stone body is resilient. (AC +4)
You are immune to poison.
You resist negative energy. (rN+)
You are resistant to electric shocks. (rElec)
You are resistant to unholy torment.
You are immune to petrification.
You tend to lose your temper in combat.
You expend magic power (3 MP) to strengthen your wands.


Message History

You're too confused to move!
The golden eye blinks at you.
You are more confused.
The golden eye blinks!
The golden eye turns its gaze towards you.
The golden eye blinks at you.
You easily resist.
The golden eye blinks!
The golden eye blinks at you.
You are more confused.
The golden eye changes into a yaktaur!
You bump into the rock wall.
A yaktaur is nearby!
You are too confused!
You are too confused!
You are too confused!
You are too confused!
You are too confused!
You are too confused!
You are too confused!
You are too confused!
You are too confused!
You are too confused!
You bump into the rock wall.
The yaktaur hits you.
You're too confused to move!
The yaktaur hits you but does no damage.
You enter the shallow water.
Moving in this stuff is going to be slow.
You're too confused to move!
The yaktaur hits you.
You closely miss the yaktaur.
The yaktaur hits you but does no damage.
The yaktaur hits you.
Your unstable footing causes you to fumble your attack.
The yaktaur hits you but does no damage.
The yaktaur hits you!
* * * LOW HITPOINT WARNING * * *
The yaktaur hits you.
* * * LOW HITPOINT WARNING * * *
The yaktaur hits you!
You die...

# #≈.≈≈≈# # ##≈≈≈## #≈≈.#
#.≈.# # ##≈≈.# ## ##.≈≈.#
##### .#####≈..≈≈#
#####≈≈≈≈.#
≈.≈.≈≈.≈.≈########≈≈≈≈.#
.≈≈...≈.####≈≈≈.@≈≈###.≈≈≈.#
..≈.≈..## #.≈.≈≈≈c≈# #####
≈≈.≈≈.≈####.≈≈...≈≈###≈≈≈≈
..≈≈≈≈.≈##≈≈.≈####≈.≈≈≈#
..≈≈≈..≈≈≈≈..## #####≈≈≈≈
..≈.....≈≈≈.## ##
≈..∩.≈.≈.≈≈≈# ≈.....≈≈≈≈≈≈#
≈..∩......≈≈#


You could see a yaktaur shaped shifter.

Vanquished Creatures
  Sigmund (D:2)
  2 kobold brigands (Sewer)
  Crazy Yiuf (D:2)
  Natasha (thrice) (D:2)
  6 gnolls (D:3)
  6 adders
  A river rat (Sewer)
  3 worms
  A dart slug (D:2)
  7 ball pythons
  3 bats
  7 endoplasms
  2 giant cockroaches
  5 goblins
  3 hobgoblins
  2 quokkas
  4 frilled lizards
  8 kobolds
  8 rats
73 creatures vanquished.

Vanquished Creatures (others)
  2 plants (D:1)
2 creatures vanquished.

Grand Total: 75 creatures vanquished

Notes
Turn   | Place    | Note
-------+----------+-------------------------------------------
     0 | D:1      | bande the Gargoyle Fighter began the quest for the Orb.
     0 | D:1      | Reached XP level 1. HP: 14/14 MP: 1/1
   427 | D:1      | Found a faded altar of an unknown god.
   450 | D:1      | Reached XP level 2. HP: 19/19 MP: 2/2
  1031 | D:2      | Identified a scroll of acquirement
  1031 | D:2      | Acquired 631 gold pieces
  1128 | D:2      | Noticed Natasha
  1129 | D:2      | Reached XP level 3. HP: 24/24 MP: 3/3
  1133 | D:2      | Killed Natasha
  1187 | D:2      | Reached XP level 4. HP: 29/29 MP: 4/4
  1241 | D:2      | Reached skill level 4 in Armour
  1255 | D:2      | Noticed Sigmund
  1291 | D:2      | Killed Sigmund
  1292 | D:2      | Reached XP level 5. HP: 8/33 MP: 5/5
  1705 | D:2      | Reached XP level 6. HP: 38/38 MP: 6/6
  1748 | D:2      | Noticed Natasha
  1752 | D:2      | Killed Natasha
  1779 | D:2      | Found a runed translucent door.
  1780 | D:2      | Noticed Crazy Yiuf
  2016 | D:2      | Noticed Natasha
  2021 | D:2      | Killed Natasha
  2153 | D:2      | Killed Crazy Yiuf
  2207 | D:3      | Gained mutation: You expend magic power (3 MP) to
                  | strengthen your wands. [potion of mutation]
  2207 | D:3      | Gained mutation: You tend to lose your temper in combat.
                  | [potion of mutation]
  2229 | D:3      | Found Lonaifoc's General Store.
  2280 | D:3      | Found a glowing drain.
  2289 | Sewer    | Entered a sewer
  2516 | Sewer    | Reached skill level 5 in Armour
  2516 | Sewer    | Reached XP level 7. HP: 34/44 MP: 7/7
  3022 | Sewer    | Noticed a shapeshifter
  3022 | Sewer    | a worm changed into a shapeshifter
  3022 | Sewer    | Noticed a polar bear
  3022 | Sewer    | a shapeshifter changed into a polar bear
  3035 | Sewer    | Noticed a golden eye
  3035 | Sewer    | a polar bear changed into a golden eye
  3059 | Sewer    | Noticed a yaktaur
  3059 | Sewer    | a golden eye changed into a yaktaur
  3071 | Sewer    | Slain by a yaktaur (shapeshifter)

Illustrated notes

Levels and vault maps discovered:
D:1:      dpeg_arrival_tiny_a, layout_loops_ring,
          shapermc_ecumenical_altar_mp_urbaneastern
D:2:      layout_rooms, uniq_crazy_yiuf_cottage, uniq_natasha, uniq_sigmund
D:3:      layout_loops_ring, serial_shops, nicolae_shop_crystal,
          cheibrodos_sewer_entry_drain, roderic_nine_men_s_morris,
          minmay_splitting_lines
Sewer:    sewer_co_tree

Skill      XL: |  1  2  3  4  5  6 |
---------------+-------------------+-----
Axes           | 2 3 4 |  4.9
Armour         | 4 5 |  5.0
Fighting       | 4 |  4.7
Shields        | 4 |  4.6

Action                   |  1- 3 |  4- 6 |  7- 9 || total
-------------------------+-------+-------+-------++-------
Melee: War axe           |    55 |   143 |    84 ||   282
  Use: Scroll            |     8 |     2 |       ||    10
       Potion            |       |     1 |     1 ||     2
 Stab: Distracted        |       |     1 |       ||     1
Armor: Scale mail        |    27 |    69 |    48 ||   144
Dodge: Dodged            |    22 |    45 |    29 ||    96
Block: Buckler           |     8 |    43 |    24 ||    75
